TOP OF THE 1ST |
Temiskaming District Secondary School Saints batting - Pitching for Oliver Ames HS Tigers : RHP Keith Thomas
|
Pitching: RHP Keith Thomas
|
|
Batting: RHB George Gardner
|
0-0: Ball 1-0: Ground out 5-3 (Groundball, 5L)
|
Batting: RHB Beau McNeill
|
0-0: Ball 1-0: SOLO HOME RUN (Line Drive, 7D), Distance : 384 ft
|
Batting: RHB Fred Moulds
|
0-0: Called Strike Single, Error in OF, E7, batter to second base
|
Batting: RHB Walt Miller
|
0-0: Ground out 6-3 (Groundball, 6)
|
Batting: LHB Carlos Músquez
|
0-0: Called Strike 0-1: Foul Ball, location: 2F 0-2: Fly out, F9 (Flyball, 9LM)
|
Top of the 1st over - 1 run(s), 2 hit(s), 1 error(s), 1 left on base; Temiskaming District Secondary School 1 - Oliver Ames HS 0 |
BOTTOM OF THE 1ST |
Oliver Ames HS Tigers batting - Pitching for Temiskaming District Secondary School Saints : LHP Phil Bacon
|
Pitching: LHP Phil Bacon
|
|
Batting: RHB Quentin Underwood
|
0-0: Called Strike 0-1: Ball 1-1: Fly out, F9 (Flyball, 9M)
|
Batting: RHB Earl Frank
|
0-0: Ground out 6-3 (Groundball, 6M)
|
Batting: SHB Lee Dean
|
0-0: Ground out 6-3 (Groundball, 6MS)
|
Bottom of the 1st over - 0 run(s), 0 hit(s), 0 error(s), 0 left on base; Temiskaming District Secondary School 1 - Oliver Ames HS 0 |
TOP OF THE 2ND |
Temiskaming District Secondary School Saints batting - Pitching for Oliver Ames HS Tigers : RHP Keith Thomas
|
Batting: RHB Bob Ferguson
|
0-0: Called Strike 0-1: Ball 1-1: Called Strike 1-2: Ball 2-2: Ball 3-2: Base on Balls
|
Batting: RHB John Weber
|
0-0: Ball 1-0: Foul Ball, location: 2F 1-1: Foul Ball, location: 2F 1-2: Strikes out swinging
|
Batting: RHB Elliott Short
|
0-0: Called Strike 0-1: Ball 1-1: Called Strike 1-2: Ball 2-2: Strikes out looking
|
Batting: RHB José Ramírez
|
0-0: Fly out, F8 (Flyball, 8RM)
|
Top of the 2nd over - 0 run(s), 0 hit(s), 0 error(s), 1 left on base; Temiskaming District Secondary School 1 - Oliver Ames HS 0 |
BOTTOM OF THE 2ND |
Oliver Ames HS Tigers batting - Pitching for Temiskaming District Secondary School Saints : LHP Phil Bacon
|
Batting: SHB David Castaneda
|
0-0: Called Strike 0-1: SINGLE (Groundball, 4MD)
|
Batting: RHB River Hall
|
0-0: Called Strike 0-1: Ball 1-1: Ball 2-1: Ball 3-1: Called Strike 3-2: Base on Balls David Castaneda to second
|
Batting: LHB Jason King
|
0-0: Called Strike 0-1: Foul Ball, location: 2F 0-2: Ball 1-2: Foul Ball, location: 2F 1-2: Foul Ball, location: 2F 1-2: Ball 2-2: Fielders Choice at 2nd, 1-6 (Groundball, 13) David Castaneda to third
|
Batting: LHB Tracy Becker
|
0-0: Called Strike Jason King steals 2nd base 0-1: Ball 1-1: Ball 2-1: Swinging Strike 2-2: Strikes out swinging
|
Batting: RHB Pat Young
|
0-0: Ball 1-0: Called Strike 1-1: Foul Ball, location: 2F 1-2: Ball 2-2: Ground out 6-3 (Groundball, 6)
|
Bottom of the 2nd over - 0 run(s), 1 hit(s), 0 error(s), 2 left on base; Temiskaming District Secondary School 1 - Oliver Ames HS 0 |
TOP OF THE 3RD |
Temiskaming District Secondary School Saints batting - Pitching for Oliver Ames HS Tigers : RHP Keith Thomas
|
Batting: RHB George Gardner
|
0-0: Called Strike 0-1: Fly out, F8 (Flyball, 8RM)
|
Batting: RHB Beau McNeill
|
0-0: Called Strike 0-1: Ball 1-1: Ball 2-1: Called Strike 2-2: Ball 3-2: Ground out 5-3 (Groundball, 5)
|
Batting: RHB Fred Moulds
|
0-0: Called Strike 0-1: Swinging Strike 0-2: Ball 1-2: Strikes out looking
|
Top of the 3rd over - 0 run(s), 0 hit(s), 0 error(s), 0 left on base; Temiskaming District Secondary School 1 - Oliver Ames HS 0 |
BOTTOM OF THE 3RD |
Oliver Ames HS Tigers batting - Pitching for Temiskaming District Secondary School Saints : LHP Phil Bacon
|
Batting: RHB David Morgan
|
0-0: Ball 1-0: Called Strike 1-1: Foul Ball, location: 2F 1-2: Strikes out looking
|
Batting: RHB Quentin Underwood
|
0-0: Ball 1-0: Called Strike 1-1: Ball 2-1: Swinging Strike 2-2: Strikes out looking
|
Batting: RHB Earl Frank
|
0-0: Fly out, F9 (Flyball, 89D)
|
Bottom of the 3rd over - 0 run(s), 0 hit(s), 0 error(s), 0 left on base; Temiskaming District Secondary School 1 - Oliver Ames HS 0 |
TOP OF THE 4TH |
Temiskaming District Secondary School Saints batting - Pitching for Oliver Ames HS Tigers : RHP Keith Thomas
|
Batting: RHB Walt Miller
|
0-0: Swinging Strike 0-1: Ball 1-1: Foul Ball, location: 2F 1-2: Ball 2-2: Foul Ball, location: 2F 2-2: Ball 3-2: Foul Ball, location: 2F 3-2: Base on Balls
|
Batting: LHB Carlos Músquez
|
0-0: Ball 1-0: SINGLE (Groundball, 56) Walt Miller to second
|
Batting: RHB Bob Ferguson
|
0-0: Ball 1-0: Foul Ball, location: 2F 1-1: Ball 2-1: Foul Ball, location: 2F 2-2: Ball 3-2: 3-RUN HOME RUN (Flyball, 7LD), Distance : 359 ft
|
Batting: RHB John Weber
|
0-0: Called Strike 0-1: Ball 1-1: Ball 2-1: Swinging Strike 2-2: Strikes out swinging
|
Batting: RHB Elliott Short
|
0-0: Ball 1-0: Ball 2-0: Called Strike 2-1: Foul Ball, location: 2F 2-2: Strikes out swinging
|
Batting: RHB José Ramírez
|
0-0: Ball 1-0: Swinging Strike 1-1: Ball 2-1: Fly out, F8 (Flyball, 8LM)
|
Top of the 4th over - 3 run(s), 2 hit(s), 0 error(s), 0 left on base; Temiskaming District Secondary School 4 - Oliver Ames HS 0 |
BOTTOM OF THE 4TH |
Oliver Ames HS Tigers batting - Pitching for Temiskaming District Secondary School Saints : LHP Phil Bacon
|
Batting: SHB Lee Dean
|
0-0: Called Strike 0-1: Ball 1-1: Ground out 1-3 (Groundball, 23)
|
Batting: SHB David Castaneda
|
0-0: Called Strike 0-1: Swinging Strike 0-2: Ball 1-2: Ball 2-2: Fly out, F9 (Flyball, 89S)
|
Batting: RHB River Hall
|
0-0: SINGLE (Flyball, 78S)
|
Batting: LHB Jason King
|
0-0: Ball 1-0: Ball 2-0: Fly out, F5 (Popup, 56S)
|
Bottom of the 4th over - 0 run(s), 1 hit(s), 0 error(s), 1 left on base; Temiskaming District Secondary School 4 - Oliver Ames HS 0 |
TOP OF THE 5TH |
Temiskaming District Secondary School Saints batting - Pitching for Oliver Ames HS Tigers : RHP Keith Thomas
|
Batting: RHB George Gardner
|
0-0: Ball 1-0: SINGLE (Groundball, 56)
|
Batting: RHB Beau McNeill
|
0-0: Ball Throwing error on steal attempt, E2 George Gardner to third 1-0: Ball 2-0: SINGLE (Line Drive, 89S) George Gardner scores
|
Batting: RHB Fred Moulds
|
0-0: Ball 1-0: Foul Ball, location: 2F 1-1: 2-RUN HOME RUN (Line Drive, 7LD), Distance : 357 ft
|
Pitching: RHP John Bascombe
|
|
Batting: RHB Walt Miller
|
0-0: Fly out, F7 (Flyball, 78M)
|
Batting: LHB Carlos Músquez
|
0-0: Called Strike 0-1: Swinging Strike 0-2: Strikes out swinging
|
Batting: RHB Bob Ferguson
|
0-0: Ball 1-0: Ball 2-0: Fly out, F9 (Flyball, 9M)
|
Top of the 5th over - 3 run(s), 3 hit(s), 1 error(s), 0 left on base; Temiskaming District Secondary School 7 - Oliver Ames HS 0 |
BOTTOM OF THE 5TH |
Oliver Ames HS Tigers batting - Pitching for Temiskaming District Secondary School Saints : LHP Phil Bacon
|
Batting: LHB Tracy Becker
|
0-0: Ball 1-0: Ball 2-0: Ball 3-0: Called Strike 3-1: Base on Balls
|
Batting: RHB Pat Young
|
0-0: Fly out, F2 (Popup, 25F)
|
Batting: RHB David Morgan
|
0-0: Called Strike Tracy Becker steals 2nd base 0-1: Fly out, F8 (Flyball, 8LXD) Runner from 2nd tags up, SAFE at 3rd, no throw
|
Batting: RHB Quentin Underwood
|
0-0: Ball 1-0: Ball 2-0: Called Strike 2-1: Foul Ball, location: 2F 2-2: Ball 3-2: Base on Balls
|
Batting: RHB Earl Frank
|
0-0: Ground out 6-3 (Groundball, 6)
|
Bottom of the 5th over - 0 run(s), 0 hit(s), 0 error(s), 2 left on base; Temiskaming District Secondary School 7 - Oliver Ames HS 0 |
TOP OF THE 6TH |
Temiskaming District Secondary School Saints batting - Pitching for Oliver Ames HS Tigers : RHP John Bascombe
|
Batting: RHB John Weber
|
0-0: Ball 1-0: Swinging Strike 1-1: Ground out 5-3 (Groundball, 56)
|
Batting: RHB Elliott Short
|
0-0: Ball 1-0: Swinging Strike 1-1: Called Strike 1-2: Ball 2-2: Strikes out swinging
|
Batting: RHB José Ramírez
|
0-0: Ball 1-0: Ball 2-0: Ground out 6-3 (Groundball, 6M)
|
Top of the 6th over - 0 run(s), 0 hit(s), 0 error(s), 0 left on base; Temiskaming District Secondary School 7 - Oliver Ames HS 0 |
BOTTOM OF THE 6TH |
Oliver Ames HS Tigers batting - Pitching for Temiskaming District Secondary School Saints : LHP Phil Bacon
|
Batting: SHB Lee Dean
|
0-0: SOLO HOME RUN (Flyball, 7LD), Distance : 359 ft
|
Batting: SHB David Castaneda
|
0-0: Ball 1-0: Ball 2-0: Foul Ball, location: 2F 2-1: Foul Ball, location: 2F 2-2: Fly out, F9 (Flyball, 9M)
|
Pitching: RHP Kenneth Williams
|
|
Batting: RHB River Hall
|
0-0: Swinging Strike 0-1: Ball 1-1: Foul Ball, location: 2F 1-2: Strikes out swinging
|
Batting: LHB Jason King
|
0-0: Foul Ball, location: 2F 0-1: Foul Ball, location: 2F 0-2: Hit by Pitch
|
Batting: LHB Tracy Becker
|
0-0: Called Strike 0-1: Ball 1-1: Ground out U3 (Groundball, 3L)
|
Bottom of the 6th over - 1 run(s), 1 hit(s), 0 error(s), 1 left on base; Temiskaming District Secondary School 7 - Oliver Ames HS 1 |
TOP OF THE 7TH |
Temiskaming District Secondary School Saints batting - Pitching for Oliver Ames HS Tigers : RHP John Bascombe
|
Pitching: LHP Broderick Elliott
|
|
Batting: RHB George Gardner
|
0-0: Ball 1-0: SINGLE (Line Drive, 4MD)
|
Batting: RHB Beau McNeill
|
0-0: Sac Bunt - play at first, batter OUT! 1-3 George Gardner to second
|
Batting: RHB Fred Moulds
|
0-0: Foul Ball, location: 2F 0-1: Fly out, F6 (Line Drive, 6M)
|
Batting: RHB Walt Miller
|
0-0: Called Strike 0-1: Swinging Strike 0-2: Foul Ball, location: 2F 0-2: Ball 1-2: Strikes out swinging
|
Top of the 7th over - 0 run(s), 1 hit(s), 0 error(s), 1 left on base; Temiskaming District Secondary School 7 - Oliver Ames HS 1 |
BOTTOM OF THE 7TH |
Oliver Ames HS Tigers batting - Pitching for Temiskaming District Secondary School Saints : RHP Kenneth Williams
|
Batting: RHB Pat Young
|
0-0: SINGLE (Flyball, 89S)
|
Batting: RHB David Morgan
|
0-0: Ball 1-0: Swinging Strike 1-1: Swinging Strike 1-2: SINGLE (Groundball, 56D) Pat Young to second
|
Batting: RHB Quentin Underwood
|
0-0: Foul Ball, location: 2F 0-1: Ball 1-1: Ball 2-1: Fielders Choice at 2nd, 4-6 (Groundball, 34) Pat Young to third
|
Batting: RHB Earl Frank
|
0-0: Fly out, F9 (Flyball, 89M)
|
Batting: SHB Lee Dean
|
0-0: Called Strike 0-1: Ball 1-1: Foul Ball, location: 2F 1-2: Foul Ball, location: 2F 1-2: Ball 2-2: Strikes out looking
|
Bottom of the 7th over - 0 run(s), 2 hit(s), 0 error(s), 2 left on base; Temiskaming District Secondary School 7 - Oliver Ames HS 1 |
TOP OF THE 8TH |
Temiskaming District Secondary School Saints batting - Pitching for Oliver Ames HS Tigers : LHP Broderick Elliott
|
Batting: LHB Carlos Músquez
|
0-0: Foul Ball, location: 2F 0-1: Ball 1-1: Called Strike 1-2: Ball 2-2: Ball 3-2: Ground out U3 (Groundball, 3S)
|
Batting: RHB Bob Ferguson
|
0-0: Ball 1-0: Called Strike 1-1: Foul Ball, location: 2F 1-2: SINGLE (Groundball, 15) (infield hit)
|
Batting: RHB John Weber
|
0-0: Called Strike 0-1: Foul Ball, location: 2F 0-2: Ball 1-2: Ball 2-2: Foul Ball, location: 2F 2-2: Strikes out swinging
|
Batting: RHB Elliott Short
|
0-0: Ball 1-0: Called Strike 1-1: Foul Ball, location: 2F 1-2: Strikes out swinging
|
Top of the 8th over - 0 run(s), 1 hit(s), 0 error(s), 1 left on base; Temiskaming District Secondary School 7 - Oliver Ames HS 1 |
BOTTOM OF THE 8TH |
Oliver Ames HS Tigers batting - Pitching for Temiskaming District Secondary School Saints : RHP Kenneth Williams
|
Batting: SHB David Castaneda
|
0-0: Ball 1-0: DOUBLE (Flyball, 7D)
|
Batting: RHB River Hall
|
0-0: Reached on error, E4 (Groundball, 4) David Castaneda to third
|
Batting: LHB Jason King
|
0-0: Called Strike 0-1: Fly out, F9 (Flyball, 89M) Runner from 3rd tags up, SCORES, no throw
|
Pitching: RHP Fernando Mata
|
|
Batting: LHB Tracy Becker
|
0-0: Swinging Strike 0-1: Ball 1-1: Foul Ball, location: 2F 1-2: Strikes out looking
|
Batting: RHB Pat Young
|
0-0: Foul Ball, location: 2F 0-1: Ground out 6-3 (Groundball, 6)
|
Bottom of the 8th over - 1 run(s), 1 hit(s), 1 error(s), 1 left on base; Temiskaming District Secondary School 7 - Oliver Ames HS 2 |
TOP OF THE 9TH |
Temiskaming District Secondary School Saints batting - Pitching for Oliver Ames HS Tigers : LHP Broderick Elliott
|
Pitching: RHP Tim Whitacre
|
|
Batting: RHB José Ramírez
|
0-0: Ball 1-0: Ball 2-0: SOLO HOME RUN (Flyball, 78XD), Distance : 432 ft
|
Batting: RHB George Gardner
|
0-0: Ball 1-0: Ball 2-0: Called Strike 2-1: Foul Ball, location: 2F 2-2: Foul Ball, location: 2F 2-2: Ball 3-2: Strikes out looking
|
Batting: RHB Beau McNeill
|
0-0: Foul Ball, location: 2F 0-1: Fly out, F9 (Flyball, 89M)
|
Batting: RHB Fred Moulds
|
0-0: Called Strike 0-1: Ball 1-1: Called Strike 1-2: Strikes out swinging
|
Top of the 9th over - 1 run(s), 1 hit(s), 0 error(s), 0 left on base; Temiskaming District Secondary School 8 - Oliver Ames HS 2 |
BOTTOM OF THE 9TH |
Oliver Ames HS Tigers batting - Pitching for Temiskaming District Secondary School Saints : RHP Fernando Mata
|
Batting: RHB David Morgan
|
0-0: Called Strike 0-1: Ball 1-1: Called Strike 1-2: Ground out 6-3 (Groundball, 6M)
|
Batting: RHB Quentin Underwood
|
0-0: Swinging Strike 0-1: Ball 1-1: Ball 2-1: Fly out, F7 (Flyball, 7M)
|
Batting: RHB Earl Frank
|
0-0: Called Strike 0-1: Ball 1-1: Called Strike 1-2: Foul Ball, location: 2F 1-2: Ball 2-2: Ball 3-2: Ground out 1-3 (Groundball, 13S)
|
Bottom of the 9th over - 0 run(s), 0 hit(s), 0 error(s), 0 left on base; Temiskaming District Secondary School 8 - Oliver Ames HS 2 |
|